 Dungeon Crawl Stone Soup version 0.27.0-1-g7a089689b8 (webtiles) character file.

Game seed: 1357128661052239676

1484 Spectrina the Pacifist (level 8, -1/45 HPs)
             Began as a Deep Elf Monk on Aug 1, 2021.
             Was an Elder of Elyvilon.
             Slain by Harold (17 damage)
             ... on level 7 of the Dungeon.
             The game lasted 00:37:37 (3680 turns).

Spectrina the Pacifist (Deep Elf Monk)              Turns: 3680, Time: 00:37:39

Health: -1/45      AC:  6    Str:  8    XL:     8   Next: 50%
Magic:  13/19      EV: 13    Int: 24    God:    Elyvilon [****..]
Gold:   204        SH:  0    Dex: 17    Spells: 12/19 levels left

rFire    . . .     SeeInvis .   a - +6 dagger "Oguevuonobb" {vorpal, rElec rC+}
rCold    + . .     Faith    .   (no shield)
rNeg     . . .     Spirit   .   v - +2 leather armour {Will+}
rPois    .         Reflect  .   e - +0 helmet
rElec    +         Harm     .   x - scarf {shadows}
rCorr    .         Rampage  .   (no gloves)
Will     +....                  (no boots)
Stlth    +++.......             (no amulet)
HPRegen  0.15/turn              w - +6 ring of intelligence
MPRegen  0.16/turn              (no ring)

@: attractive, flying
A: no striking features
a: Renounce Religion, Lesser Healing, Heal Other, Purification, Greater Healing,
Divine Protection


You were on level 7 of the Dungeon.
You worshipped Elyvilon.
Elyvilon was greatly pleased with you.
You visited 1 branch of the dungeon, and saw 9 of its levels.
You also visited: Sewer.

You collected 204 gold pieces.

Inventory:

Hand Weapons
 a - the +6 dagger "Oguevuonobb" (weapon) {vorpal, rElec rC+}
   (You found it on level 5 of the Dungeon)

   It inflicts extra damage upon your enemies.
   rC:        It protects you from cold.
   rElec:     It insulates you from electricity.
 b - a +0 hunting sling
 k - a +0 shortbow
Missiles
 c - 47 bolts
 d - 48 sling bullets
 g - 12 poisoned darts (quivered)
 h - 93 arrows
 j - 74 stones
Armour
 e - a +0 helmet (worn)
 v - a +2 leather armour of willpower (worn)
 x - a scarf of shadows (worn)
 A - a +0 kite shield
Jewellery
 w - a +6 ring of intelligence (left hand)
Wands
 y - a wand of charming (10)
Scrolls
 f - a scroll of brand weapon {unknown}
 i - a scroll of torment {unknown}
 m - a scroll of blinking {unknown}
 t - a scroll of silence {unknown}
Potions
 l - a potion of curing
 o - a potion of brilliance
 p - a potion of magic {unknown}
 q - a potion of experience {unknown}
 r - a potion of mutation {unknown}
 s - 2 potions of haste
 u - 2 potions of attraction


   Skills:
 - Level 2.4 Fighting
 - Level 3.0 Short Blades
 - Level 3.6 Dodging
 - Level 6.0 Stealth
 - Level 6.0 Spellcasting
 - Level 1.0 Transmutations
 + Level 2.5 Air Magic
 + Level 2.7 Poison Magic
 + Level 8.0 Invocations


You had 12 spell levels left.
You knew the following spells:

 Your Spells              Type           Power      Damage    Failure   Level
a - Sting                 Tmut/Pois      64%        1d6       5%          1
q - Poisonous Vapours     Pois/Air       38%        N/A       6%          2
r - Olgreb's Toxic Radia  Pois           20%        N/A       36%         4

Your spell library contained the following spells:

 Spells                   Type           Power      Damage    Failure   Level
 Chain Lightning          Conj/Air       6%         3d8       100%        9
 Fire Storm               Conj/Fire      3%         8d1       100%        9


Dungeon Overview and Level Annotations

Branches:
Dungeon (9/15)             Temple (0/1) D:6           Sewer (visited)
   Lair: D:8-11         Orc: D:9-12

Altars:
Elyvilon
Gozag
Okawaru
Wu Jian
Zin

Shops:
D:7 [

Annotations:
D:7 Harold


Message History

Your steam dragon closely misses the orc warrior. x2
The orc warrior hits your steam dragon but does no damage.
The kobold brigand hits your orc with a +0 short sword.
Your orc dies!
Your orc's corpse dissolves into shadows!
Harold hits you with a +0 mace! Elyvilon protects you from harm!
Your orc hits the orc warrior with a +0 short sword.
Your orc wizard hits the orc warrior but does no damage.
An orc priest comes into view. It is wielding a +0 whip.
The kobold brigand shouts!
The kobold brigand is pulled toward you!
The orc warrior is pulled toward you!
Unknown command.
Unknown command.
Unknown command.
Okay, then.
Unknown command.
It was a potion of flight.
You feel very buoyant.
You fly up into the air.
Your steam dragon closely misses the orc warrior.
Your steam dragon barely misses the orc warrior.
The orc warrior hits your orc with a +0 dire flail!!
Your orc dies!
Your orc's corpse dissolves into shadows!
Harold hits you with a +0 mace.
* * * LOW HITPOINT WARNING * * *
Your orc wizard casts a spell at the kobold brigand.
The puff of flame hits the orc warrior but does no damage.
Unknown command.
Unknown command.
Unknown command.
You are healed.
Your steam dragon bites Harold.
Your steam dragon claws Harold but does no damage.
The orc warrior hits your scorpion with a +0 dire flail!
Your scorpion stings the orc warrior but does no damage.
The kobold brigand hits you but does no damage.
Harold hits you with a +0 mace!
You die...

##.......###### ..
##.......## ..
.'........# #######
.. ##........#
#.....# . ####
######...# #.....#
#... ####'###
#.....# #.#.
#......# #.....#
#.#.
####......###.....#
#.+.
...+......##....@.#
......##.
####......##....@K#
...... ##
#......##...Do.#
...(..
####......##...s§§#
......
.......#####...oo##
#.........#
######.# #....§)
@.(.......##. #.#
#####.§.
..!.......... #.#
#.... ............
#.#
#.................


You could see Harold, a kobold brigand (ally target), an orc priest, a neutral
orc warrior (ally target), a friendly steam dragon (summoned, catching breath),
a friendly scorpion (summoned) and a friendly orc wizard (summoned).

Vanquished Creatures
  A wyvern (D:7)
  A black bear (D:6)
  An ice beast (D:6)
  A hornet zombie (D:7)
  2 centaurs
  An ogre (D:6)
  A scorpion (D:6)
  A water moccasin skeleton (D:5)
  2 wights (D:7)
  A bullfrog zombie (D:5)
  A centaur zombie (D:5)
  A hound (D:5)
  A jelly (D:6)
  A centaur skeleton (D:7)
  An orc priest (D:3)
  A bullfrog skeleton (D:4)
  4 iguanas
  2 hound skeletons (D:5)
  A gnoll (D:1)
  4 adders
  2 ufetubi
  A dart slug (D:5)
  5 orcs
  4 endoplasms
  6 giant cockroaches
  4 goblins
  2 hobgoblins
  5 kobolds
  3 quokkas
  5 ball pythons
  2 bats
  7 frilled lizards
  A quokka skeleton (D:4)
  5 rats
81 creatures vanquished.

Vanquished Creatures (collateral kills)
  A centaur zombie (D:7)
  An orc (D:7)
2 creatures vanquished.

Vanquished Creatures (others)
  A river rat (Sewer)
1 creature vanquished.

Grand Total: 84 creatures vanquished

Notes
Turn   | Place    | Note
-------+----------+-------------------------------------------
     0 | D:1      | Spectrina the Deep Elf Monk began the quest for the Orb.
     0 | D:1      | Reached XP level 1. HP: 13/13 MP: 3/3
    44 | D:1      | Reached XP level 2. HP: 18/18 MP: 4/4
   246 | D:2      | Reached XP level 3. HP: 9/22 MP: 5/5
   668 | D:4      | Noticed an orc warrior
   751 | D:3      | Found a faded altar of an unknown god.
   759 | D:3      | Became a worshipper of Elyvilon the Healer
   759 | D:3      | Reached * piety under Elyvilon
   759 | D:3      | Reached ** piety under Elyvilon
   794 | D:3      | Found an iron altar of Okawaru.
   794 | D:3      | Found a glowing silver altar of Zin.
   795 | D:3      | Found an opulent altar of Gozag.
   966 | D:3      | Found an ornate altar of the Wu Jian Council.
  1014 | D:3      | Reached skill level 5 in Stealth
  1014 | D:3      | Reached skill level 1 in Spellcasting
  1014 | D:3      | Reached skill level 1 in Invocations
  1014 | D:3      | Reached XP level 4. HP: 10/27 MP: 5/7
  1078 | D:2      | You fall into a shaft and drop 1 floor!
  1142 | D:3      | Reached *** piety under Elyvilon
  1306 | D:5      | Entered Level 5 of the Dungeon
  1306 | D:5      | Found a glowing drain.
  1371 | Sewer    | Entered a sewer
  1418 | Sewer    | Reached skill level 2 in Invocations
  1674 | D:5      | Reached XP level 5. HP: 18/31 MP: 10/10
  1695 | D:5      | Reached skill level 3 in Invocations
  1804 | D:6      | Reached XP level 6. HP: 15/36 MP: 12/12
  1809 | D:6      | Noticed a sky beast
  1811 | D:6      | Pacified a sky beast
  1812 | D:6      | Reached skill level 4 in Invocations
  2205 | D:5      | Identified the +6 dagger "Oguevuonobb" {vorpal, rElec rC+}
  2366 | D:5      | Reached skill level 5 in Invocations
  2474 | D:6      | Noticed an ice beast
  2478 | D:6      | Killed an ice beast
  2479 | D:6      | Reached XP level 7. HP: 33/40 MP: 15/15
  2527 | D:6      | Reached skill level 5 in Spellcasting
  2527 | D:6      | Reached skill level 6 in Invocations
  2768 | D:6      | Reached **** piety under Elyvilon
  2804 | D:7      | Reached skill level 7 in Invocations
  2837 | D:7      | Found Bieqaat's Antique Armour Boutique.
  2855 | D:7      | Learned a level 1 spell: Sting
  2858 | D:7      | Learned a level 2 spell: Poisonous Vapours
  2863 | D:7      | Learned a level 4 spell: Olgreb's Toxic Radiance
  2921 | D:7      | Noticed a wyvern
  2924 | D:7      | Reached XP level 8. HP: 37/45 MP: 17/19
  2927 | D:7      | Noticed Harold
  2957 | D:8      | Noticed a cyclops
  3029 | D:7      | Reached skill level 1 in Transmutations
  3029 | D:7      | Reached skill level 1 in Air Magic
  3029 | D:7      | Reached skill level 1 in Poison Magic
  3265 | D:6      | Found a staircase to the Ecumenical Temple.
  3677 | D:7      | Reached skill level 8 in Invocations
  3678 | D:7      | Elyvilon protects you from harm!
  3680 | D:7      | Slain by Harold

Illustrated notes

Levels and vault maps discovered:
D:1:      psy_arrival_conway, layout_loops_cross, chequers_serial_rivers_micro_e
D:2:      layout_rooms, minmay_misc_feat_rugged, roderic_lattice_a, uniq_natasha
D:3:      layout_loops_corners, nicolae_overflow_quartered_altars,
          shapermc_ecumenical_altar_flowoftime
D:4:      layout_rooms
D:5:      layout_loops_corners, cheibrodos_sewer_entry_drain
D:6:      layout_loops_ring, minmay_temple_entry_grid
D:7:      layout_basic, serial_shops, shop, uniq_harold
D:8:      layout_rooms, serial_shops, shop, uniq_maurice, uniq_joseph
D:9:      layout_rooms, mainiacjoe_overflow_concentric_impassable,
          erik_lair_orcish_takeover, serial_shops, nicolae_shop_stone,
          hangedman_decor_lopped, lightli_minifort

Skill      XL: |  1  2  3  4  5  6  7  8 |
---------------+-------------------------+-----
Stealth        | 3 4 5 6 |  6.0
Spellcasting   | 1 2 3 4 6 |  6.0
Invocations    | 1 2 3 5 7 8 |  8.0
Transmutations | 1 |  1.0
Air Magic      | 2 |  2.5
Poison Magic   | 2 |  2.7
Fighting       | |  2.4
Short Blades   | |  3.0
Dodging        | |  3.6

Action                   |  1- 3 |  4- 6 |  7- 9 || total
-------------------------+-------+-------+-------++-------
Melee: Short sword       |    85 |   115 |       ||   200
       Dagger            |       |    27 |    63 ||    90
       Unarmed           |       |     3 |       ||     3
 Fire: Hunting sling     |       |       |    14 ||    14
       Shortbow          |       |       |     3 ||     3
Throw: Dart              |       |    10 |       ||    10
 Cast: Sting             |       |       |     5 ||     5
       Poisonous Vapours |       |       |     5 ||     5
       Olgreb's Toxic Ra |       |       |     2 ||     2
Invok: Heal Other        |       |     7 |     2 ||     9
       Lesser Healing    |       |     4 |     1 ||     5
  Use: Potion            |     2 |     2 |     3 ||     7
       Scroll            |       |     4 |     3 ||     7
 Stab: Sleeping          |     8 |     6 |     6 ||    20
       Distracted        |     2 |       |       ||     2
Armor: Robe              |     9 |    29 |       ||    38
       Skin              |       |     4 |       ||     4
       Leather armour    |       |       |    13 ||    13
Dodge: Dodged            |    31 |   106 |    48 ||   185
